 Dungeon Crawl Stone Soup version 0.29.1-15-g9cfb28693d (webtiles) character file.

Game seed: 15852845993275047511

6114 ThatPearl the Fighter (level 10, -6/83 HPs)
             Began as a Demonspawn Fighter on Mar 11, 2023.
             Was an Elder of Okawaru.
             Mangled by Gastronok (28 damage)
             ... on level 10 of the Dungeon.
             The game lasted 00:24:32 (9379 turns).

ThatPearl the Fighter (Demonspawn Fighter)          Turns: 9379, Time: 00:24:33

Health: -6/83      AC: 13    Str: 23 (24) XL:     10   Next: 58%
Magic:  16/16      EV: 11    Int: 12      God:    Okawaru [****..]
Gold:   472        SH:  5    Dex: 16      Spells: 9/9 levels left

rFire   . . .      SeeInvis .   F - +8 hand axe "Maryphiu" {venom, rN++ Dex+3}
rCold   . . .      Faith    .   c - +0 buckler
rNeg    + + .      Spirit   .   Y - +0 steam dragon scales
rPois   .          Reflect  .   v - +1 helmet
rElec   .          Harm     .   G - +0 cloak
rCorr   .          Rampage  .   h - +0 pair of gloves
Will    .....                   y - +0 pair of boots
Stlth   +.........              (no amulet)
HPRegen 0.23/turn               N - +6 ring of strength
MPRegen 0.15/turn               P - +4 ring of slaying

@: no status effects
A: ignite blood 1, spiny 2, weakness stinger 1
a: Renounce Religion, Heroism, Finesse


You were on level 10 of the Dungeon.
You worshipped Okawaru.
Okawaru was greatly pleased with you.
You visited 2 branches of the dungeon, and saw 11 of its levels.

You collected 472 gold pieces.

Inventory:

Hand Weapons
 r - a +2 battleaxe of electrocution
 F - the +8 hand axe "Maryphiu" (weapon) {venom, rN++ Dex+3}
   (You found it on level 4 of the Dungeon)

   It poisons the flesh of those it strikes.
   Dex:       It affects your dexterity (+3).
   rN:        It greatly protects you from negative energy.
Missiles
 o - 3 datura-tipped darts (quivered)
 t - 13 poisoned darts
 O - 9 boomerangs
 R - 3 atropa-tipped darts
 S - 4 silver boomerangs
 X - 2 throwing nets
Armour
 b - a +0 scale mail
 c - a +0 buckler (worn)
 h - a +0 pair of gloves (worn)
 v - a +1 helmet (worn)
 y - a +0 pair of boots (worn)
 G - a +0 cloak (worn)
 Y - +0 steam dragon scales (worn)
Magical Staves
 K - a staff of poison
Jewellery
 i - a ring of poison resistance
 s - a ring of flight
 J - a +4 ring of protection
 L - a +4 ring of evasion
 N - a +6 ring of strength (left hand)
 P - a +4 ring of slaying (right hand)
 Q - a +4 ring of protection
 T - a +6 ring of dexterity
 V - a +6 ring of intelligence
Wands
 D - a wand of flame (17)
 H - a wand of paralysis (19)
Scrolls
 a - a scroll of summoning {unknown}
 e - 4 scrolls of amnesia
 f - 2 scrolls of noise {unknown}
 j - a scroll of acquirement {unknown}
 k - 2 scrolls of enchant weapon {unknown}
 l - 5 scrolls of teleportation {unknown}
 m - a scroll of butterflies {unknown}
 n - 3 scrolls of poison {unknown}
 q - a scroll of enchant armour {unknown}
 w - 3 scrolls of vulnerability
 x - 3 scrolls of magic mapping {unknown}
 B - a scroll of fear
 E - a scroll of torment {unknown}
 U - a scroll of silence {unknown}
Potions
 d - 2 potions of might
 g - 8 potions of curing
 p - a potion of berserk rage
 u - a potion of brilliance
 z - 2 potions of heal wounds
 A - a potion of lignification
 C - 3 potions of flight
 I - a potion of ambrosia {unknown}
 M - 2 potions of cancellation
 W - a potion of magic


   Skills:
 + Level 9.0 Fighting
 + Level 8.0 Axes
 - Level 8.0 Armour
 + Level 1.5 Dodging
 - Level 2.6 Shields
 + Level 8.8 Invocations


You had 9 spell levels left.
You didn't know any spells.
Your spell library contained the following spells:

 Spells                   Type           Power      Damage    Failure   Level
 Ensorcelled Hibernation  Hex/Ice        0%         N/A       54%         2
 Passwall                 Tmut/Erth      0%         N/A       54%         2
 Poisonous Vapours        Pois/Air       0%         N/A       54%         2
 Gell's Gravitas          Tloc           0%         N/A       78%         3
 Swiftness                Air            0%         N/A       78%         3
 Teleport Other           Tloc           0%         N/A       78%         3
 Corpse Rot               Necr/Pois/Air  0%         N/A       99%         4
 Dispersal                Tloc           0%         N/A       100%        6


Dungeon Overview and Level Annotations

Branches:
Dungeon (10/15)            Temple (1/1) D:5
   Lair: D:8-11         Orc: D:9-12

Altars:
Ashenzari
Cheibriados
Dithmenos
Fedhas
Gozag
Hepliaklqana
Kikubaaqudgha
Makhleb
Nemelex Xobeh
Okawaru
Qazlal
Ru
Sif Muna
Trog
Uskayaw
Vehumet
Wu Jian
Xom
Yredelemnul

Shops:
D:3 =   D:5 =

Annotations:
D:9 1 runed translucent door
D:10 Gastronok, Grum


Innate Abilities, Weirdness & Mutations

Your demonic aura sometimes causes spilled blood to erupt in flames.
You are mostly covered in sharp spines.
You have a small tail.


Message History

You can't go down here!
You climb upwards.
Level annotation: 1 runed translucent door
There is a stone staircase leading down here.
There's nothing to close nearby.
There is a stone staircase leading down here.
You climb downwards.
Level annotation: Grum
There is a stone staircase leading up here.
Gastronok the Ponderous comes into view.
Gastronok gurgles horribly!
Gastronok gurgles, "Are you a wizard?
Wizards taste nice..."
Gastronok casts a spell at you.
You barely resist.
Gastronok sloshes about.
Throw: 3 darts (datura)
Press: ? - help, Q - select action, (/) - cycle Shift-Dir - straight line, f - Gastronok
Aim: Gastronok, wearing a +0 hat (94% to hit, chance to frenzy on hit: 0%)
Okay, then.
Gastronok waves his eye-stalks in wide circles.
The air twists around and strikes you!!
You slash Gastronok!
Gastronok is poisoned.
Gastronok is lightly wounded.
You slash Gastronok!
Gastronok looks as sick as possible!
Gastronok is lightly wounded.
Gastronok bites you!
You slash Gastronok!
Gastronok looks as sick as possible!
Gastronok is moderately wounded.
You slash Gastronok!
Gastronok looks as sick as possible!
You tail-slap Gastronok.
Gastronok is moderately wounded.
Gastronok waves his eye-stalks in wide circles.
The air twists around and strikes you!!
* * * LOW HITPOINT WARNING * * *
You slash Gastronok!
Gastronok is heavily wounded.
You slash Gastronok!
Gastronok looks as sick as possible!
Gastronok is heavily wounded.
Gastronok is struck by your spines. Gastronok bites you!!
You die...

....... g......
#...... ......#
#..... ......#
+..... ......#
#.... #....#
#.... #....#
#...# #$..<#
#..w# #....#
#..@# #.....
#...# #...###
#...# #...
#...# #...
#...# ....
#...# .. .....
#...# ... #...#
....
#...#######....


You could see Gastronok (extremely poisoned).

Vanquished Creatures
  Harold (D:9)
  2 trolls (D:9)
  2 wyverns (D:9)
  A wraith (D:9)
  3 yaks (D:9)
  3 steam dragons
  Edmund (D:6)
  A water moccasin (D:6)
  2 black bears
  2 orc warriors (D:9)
  2 ice beasts (D:5)
  A sky beast (D:8)
  2 ogres
  4 centaurs
  4 phantoms
  4 bullfrogs
  4 scorpions
  2 necrophages (D:7)
  5 wights (D:8)
  5 killer bees (D:6)
  An electric eel (D:9)
  A howler monkey (D:5)
  5 orc priests
  6 hounds
  2 jellies (D:6)
  Crazy Yiuf (D:4)
  A gnoll bouda (D:7)
  5 orc wizards
  3 iguanas
  A hound zombie (D:3)
  A howler monkey zombie (D:3)
  Robin (D:2)
  7 gnolls
  8 adders
  2 shadow imps
  7 worms
  A dart slug (D:2)
  34 orcs
  2 bats
  9 endoplasms
  4 giant cockroaches
  14 goblins
  13 hobgoblins
  11 jackals
  6 kobolds
  3 quokkas
  7 ball pythons
  A frilled lizard (D:1)
  3 rats
211 creatures vanquished.

Vanquished Creatures (others)
  4 fungi (D:4)
  28 plants (D:5)
32 creatures vanquished.

Grand Total: 243 creatures vanquished

Notes
Turn   | Place    | Note
-------+----------+-------------------------------------------
     0 | D:1      | ThatPearl the Demonspawn Fighter began the quest for the
                  | Orb.
     0 | D:1      | Reached XP level 1. HP: 18/18 MP: 1/1
   379 | D:1      | Found a faded altar of an unknown god.
   469 | D:1      | Gained mutation: You are partially covered in sharp spines.
                  | [demonic ancestry]
   469 | D:1      | Reached XP level 2. HP: 8/24 MP: 2/2
  1160 | D:2      | Reached XP level 3. HP: 29/29 MP: 3/3
  1331 | D:2      | Noticed Robin
  1333 | D:2      | Reached XP level 4. HP: 37/37 MP: 4/4
  1344 | D:2      | Killed Robin
  1671 | D:2      | Reached skill level 4 in Fighting
  2013 | D:3      | Found Yxated's Jewellery Emporium.
  2147 | D:3      | Gained mutation: Your demonic aura sometimes causes spilled
                  | blood to erupt in flames. [demonic ancestry]
  2147 | D:3      | Reached XP level 5. HP: 42/42 MP: 5/5
  2166 | D:3      | Found a basalt altar of Yredelemnul.
  2278 | D:3      | Found a stormy altar of Qazlal.
  3010 | D:4      | Noticed a black bear
  3011 | D:4      | Reached XP level 6. HP: 39/49 MP: 6/6
  3291 | D:4      | Identified the +8 hand axe "Maryphiu" {venom, rN++ Dex+3}
  3341 | D:4      | Reached skill level 5 in Fighting
  3607 | D:4      | Found a runed translucent door.
  3608 | D:4      | Noticed Crazy Yiuf
  3614 | D:4      | Killed Crazy Yiuf
  3647 | D:5      | Entered Level 5 of the Dungeon
  3655 | D:5      | Reached XP level 7. HP: 56/56 MP: 7/7
  3682 | D:5      | Reached skill level 5 in Armour
  3788 | D:5      | Found a staircase to the Ecumenical Temple.
  3800 | Temple   | Entered the Ecumenical Temple
  3888 | Temple   | Became a worshipper of Warmaster Okawaru
  3921 | D:5      | Reached skill level 1 in Invocations
  3957 | D:5      | Reached skill level 6 in Fighting
  3957 | D:5      | Reached skill level 5 in Axes
  3968 | D:5      | Reached XP level 8. HP: 34/64 MP: 7/9
  4618 | D:5      | Found Boneu's Jewellery Shop.
  5001 | D:6      | Reached * piety under Okawaru
  5152 | D:6      | Reached skill level 7 in Fighting
  5154 | D:6      | Noticed Edmund
  5162 | D:6      | Killed Edmund
  5162 | D:6      | Reached ** piety under Okawaru
  5163 | D:6      | Reached skill level 5 in Invocations
  5163 | D:6      | Gained mutation: You are mostly covered in sharp spines.
                  | [demonic ancestry]
  5163 | D:6      | Reached XP level 9. HP: 72/72 MP: 12/12
  6293 | D:7      | Found a sacrificial altar of Ru.
  6845 | D:8      | Found a sparkling altar of Nemelex Xobeh.
  7038 | D:8      | Reached skill level 8 in Fighting
  7291 | D:8      | Reached *** piety under Okawaru
  7613 | D:9      | Noticed a manticore
  7619 | D:9      | Found a runed translucent door.
  7650 | D:9      | Noticed a troll
  7660 | D:9      | Killed a troll
  7671 | D:9      | HP: 3/74 [poisoned by an orc]
  8027 | D:9      | Gained mutation: You have a small tail. [demonic ancestry]
  8027 | D:9      | Reached XP level 10. HP: 64/80 MP: 15/15
  8215 | D:9      | Noticed Harold
  8227 | D:9      | Killed Harold
  8609 | D:9      | Reached **** piety under Okawaru
  9113 | D:9      | Reached skill level 1 in Dodging
  9116 | D:9      | Reached skill level 9 in Fighting
  9326 | D:10     | Entered Level 10 of the Dungeon
  9326 | D:10     | Noticed Grum
  9359 | D:10     | Noticed Gastronok
  9379 | D:10     | Mangled by Gastronok

Illustrated notes

Levels and vault maps discovered:
D:1:      beargit_arrival_greenhouse, layout_loops_ring,
          shapermc_ecumenical_altar_flowoftime
D:2:      layout_rooms, minmay_3d_cube, uniq_robin
D:3:      layout_basic, lemuel_zombie_altar_yredelemnul,
          mainiacjoe_overflow_chevrons, serial_shops,
          nicolae_shop_hallway_stairs
D:4:      layout_cave_pools, serial_column_ruins, column_ruins_open_small_water,
          column_ruins_open_small, column_ruins_corridor_corner,
          saegor_snake_ambush, uniq_crazy_yiuf_cottage
D:5:      layout_gridville, temple_fountains, serial_shops, shop_statue,
          serial_bayou_lagoon_a, st_stairs_3
D:6:      layout_rooms, uniq_edmund
D:7:      layout_loops_cross, marbit_many_paths
D:8:      layout_layer_cave, nemelex_diamond_rough_becter,
          kennysheep_generic_room_14
D:9:      layout_irregular_city, minmay_st_funbox, kennysheep_path_1,
          uniq_harold
D:10:     layout_irregular_city, tso_metal_star, lair_entry_dummy, minivault_28,
          uniq_grum, uniq_gastronok, uniq_nergalle, uniq_maggie
Temple:   minmay_temple_bridge_d

Skill      XL: |  1  2  3  4  5  6  7  8  9 10 |
---------------+-------------------------------+-----
Axes           | 2 3 4 5 6 7 8 |  8.0
Armour         | 3 4 5 6 7 8 |  8.0
Fighting       | 4 5 6 7 8 9 |  9.0
Invocations    | 1 5 7 8 |  8.8
Dodging        | 1 |  1.5
Shields        | |  2.6

Action                   |  1- 3 |  4- 6 |  7- 9 | 10-12 || total
-------------------------+-------+-------+-------+-------++-------
Melee: War axe           |    67 |   113 |       |       ||   180
       Hand axe          |       |    17 |   203 |    46 ||   266
       Tailslap          |       |       |       |    11 ||    11
  Use: Potion            |       |       |     2 |     1 ||     3
       Scroll            |       |       |       |    12 ||    12
Armor: Scale mail        |    35 |    66 |   131 |     5 ||   237
       Steam dragon scal |       |       |       |     9 ||     9
Dodge: Dodged            |    29 |    53 |    93 |    19 ||   194
Block: Buckler           |    16 |    22 |    44 |    10 ||    92
